 Dungeon Crawl Stone Soup version 0.31-a0-229-g1fc7ce93e2 (webtiles) character file.

Game seed: 11845372168768299465

408 qw the Shooter (level 6, -1/52 HPs)
             Began as a Minotaur Hexslinger on July 6, 2023.
             Slain by a black bear (3 damage)
             ... on level 5 of the Dungeon.
             The game lasted 00:01:09 (3251 turns).

qw the Shooter (Minotaur Hexslinger)                Turns: 3251, Time: 00:01:10

Health: -1/52      AC:  2    Str: 12    XL:     6   Next: 57%
Magic:  6/6        EV: 13    Int: 10    God:
Gold:   220        SH:  0    Dex: 21    Spells: 6/7 levels left

rFire   . . .        Y - +1 sling (freeze)
rCold   . . .        (no shield)
rNeg    + . .        i - +0 robe {Will+}
rPois   .            (helmet restricted)
rElec   .            (no cloak)
rCorr   .            (no gloves)
SInv    .            (no boots)
Will    +....        (no amulet)
Stlth   ++           d - +6 ring of dexterity
HPRegen 0.28/turn    c - ring of positive energy
MPRegen 0.10/turn

%: no passive effects
@: lethally poisoned (-1 -> -4)
A: horns 2, retaliatory headbutt
a: no special abilities


You were on level 5 of the Dungeon.
You visited 1 branch of the dungeon, and saw 5 of its levels.

You collected 220 gold pieces.


Innate Abilities, Weirdness & Mutations

You have a pair of horns on your head.
You reflexively headbutt those who attack you in melee.


   Skills:
 - Level 4.2 Fighting
 + Level 6.4 Ranged Weapons
 - Level 3.0 Dodging
 - Level 1.0 Spellcasting
 - Level 2.0 Hexes


You had 6 spell levels left.
You knew the following spells:

 Your Spells              Type           Power      Damage    Failure   Level
a - Slow                  Hex            16%        N/A       16%         1

Your spell library contained the following spells:

 Spells                   Type           Power      Damage    Failure   Level
 Inner Flame              Hex/Fire       2%         N/A       56%         3
 Portal Projectile        Hex/Tloc       4%         N/A       56%         3
 Cause Fear               Hex            2%         N/A       83%         4

Inventory:

Hand Weapons
 Y - a +1 sling of freezing (weapon)
Armour
 i - a +0 robe of willpower (worn)
 j - a +0 ring mail
Jewellery
 c - a ring of positive energy (right hand)
 d - a +6 ring of dexterity (left hand)
 m - a ring of wizardry
Scrolls
 a - a scroll of identify
 k - a scroll of enchant armour
Potions
 e - a potion of resistance
 f - a potion of cancellation {unknown}
 g - a potion of invisibility {unknown}
 h - 4 potions of curing
 l - a potion of haste

Dungeon Overview and Level Annotations

Branches:
Dungeon (5/15)
 Temple: D:4-7

Altars:
Fedhas
Nemelex Xobeh
Sif Muna
Vehumet
Xom

Annotations:
D:3 2 runed translucent doors, qw's ghost, amateur MiHs


Message History

The scorpion poisons you! The black bear bites you. The black bear claws you.
The black bear barely misses you. The scorpion stings you.
3246 ||| DRINKING 2 potions of heal wounds.
You feel much better.
You feel very sick. The black bear bites you! The black bear claws you.
The black bear claws you but does no damage.
The scorpion barely misses you. You furiously retaliate!
You headbutt the scorpion. You shoot a sling bullet.
The sling bullet barely misses the scorpion.
You feel very sick.
The black bear bites you but does no damage.
The black bear barely misses you. The black bear claws you.
The orc wizard casts a spell.
The orc wizard flickers and vanishes!
Deactivating autopickup; reactivate with Ctrl-A.
The scorpion misses you.
3248 ||| DRINKING potion of heal wounds.
You feel much better.
You feel very sick. The scorpion barely misses you. The black bear misses you.
You furiously retaliate!
You headbutt the black bear! The black bear claws you. x2
You shoot a sling bullet.
The sling bullet barely misses the scorpion.
You feel sick. The scorpion barely misses you. The black bear bites you.
The black bear claws you but does no damage.
The black bear claws you. The scorpion barely misses you.
You furiously retaliate!
You headbutt the scorpion. You shoot a sling bullet.
The sling bullet hits the scorpion.
The sling bullet freezes the scorpion.
The scorpion is almost dead.
You feel sick. The black bear bites you.
The black bear claws you but does no damage.
The black bear claws you. The scorpion stings you.
You shoot a sling bullet. The sling bullet hits the scorpion.
The sling bullet freezes the scorpion.
You kill the scorpion!
You feel sick. The black bear bites you.
You die...

### ..# #### #.#
... .## #.#..#
....### #.#.#
###....###...#
..........@.#
#####...h%#
######..#.......
..#..
##......######).).
..... #..######
#.#<. .... #.## .#
# .(. ##.# # #¤
###..## #### #.
#.....##### #...
#¤


You could see a black bear.

Vanquished Creatures
  An ogre (D:4)
  A phantom (D:4)
  A scorpion (D:5)
  A hound (D:4)
  An orc priest (D:5)
  2 iguanas (D:4)
  An orc wizard (D:5)
  2 adders (D:5)
  A worm (D:2)
  4 dart slugs
  8 orcs
  6 ball pythons
  7 endoplasms
  2 giant cockroaches
  6 goblins
  8 hobgoblins
  5 jackals (D:1)
  9 kobolds
  4 bats
  5 frilled lizards
  7 rats
82 creatures vanquished.

Notes
Turn   | Place    | Note
-------+----------+-------------------------------------------
     0 | D:1      | qw the Minotaur Hexslinger began the quest for the Orb.
     0 | D:1      | Reached XP level 1. HP: 16/16 MP: 1/1
     0 | D:1      | 0 ||| qw: Version: 0.3-a-46-gb1f654a
     0 | D:1      | 0 ||| qw: Game counter: 1201
     0 | D:1      | 0 ||| qw: Melee chars always use a shield: true
     0 | D:1      | 0 ||| qw: God list: Okawaru
     0 | D:1      | 0 ||| qw: Allow faded altars: false
     0 | D:1      | 0 ||| qw: Do Orc after clearing Dungeon:15 true
     0 | D:1      | 0 ||| qw: Do second Lair branch before Depths: true
     0 | D:1      | 0 ||| qw: Lair rune preference: random
     0 | D:1      | 0 ||| qw: Goals: Normal
     0 | D:1      | 0 ||| PLANNING D:1-11
   114 | D:1      | Reached skill level 3 in Ranged Weapons
   114 | D:1      | Reached XP level 2. HP: 23/23 MP: 2/2
   303 | D:1      | You fall into a shaft and drop 1 floor!
   553 | D:2      | Found a shimmering altar of Xom.
   584 | D:2      | Reached XP level 3. HP: 29/29 MP: 3/3
   718 | D:2      | Found a faded altar of an unknown god.
   781 | D:2      | 781 ||| DROPPING scarf of invisibility.
   782 | D:2      | 782 ||| UPGRADING to +6 ring of dexterity.
   783 | D:2      | 783 ||| READING 3 scrolls labelled CUOFAOR IGHIAR.
   784 | D:2      | 784 ||| READING scroll labelled VIRESUIMIF.
   787 | D:2      | 787 ||| READING scroll labelled MOGUAGEKAR.
   788 | D:2      | 788 ||| READING scroll labelled UWIAQOAJEE.
   789 | D:2      | 789 ||| READING 2 scrolls labelled AGGIGU XIJOEPA.
   790 | D:2      | 790 ||| READING 2 scrolls of identify.
   790 | D:2      | 790 ||| IDENTIFYING fuming blue potion
   791 | D:2      | 791 ||| DROPPING scroll of poison.
  1008 | D:1      | Reached skill level 4 in Ranged Weapons
  1780 | D:2      | 1780 ||| READING scroll labelled QEWAOS CIBAKE.
  1827 | D:3      | 1827 ||| STAIRDANCE
  1841 | D:3      | 1841 ||| STAIRDANCE
  2001 | D:3      | Reached XP level 4. HP: 33/36 MP: 4/4
  2034 | D:3      | Found a blossoming altar of Fedhas.
  2109 | D:3      | Found a large runed translucent door.
  2110 | D:3      | Found a large runed translucent door.
  2113 | D:3      | Noticed qw's ghost (amateur MiHs)
  2252 | D:3      | 2252 ||| UPGRADING to +0 robe of willpower.
  2262 | D:3      | 2262 ||| DROPPING +0 robe.
  2263 | D:3      | 2263 ||| READING scroll labelled PECZAV VITUV.
  2264 | D:3      | 2264 ||| READING scroll labelled SAB BYANOO.
  2265 | D:3      | 2265 ||| READING 3 scrolls labelled VUGANN NYTWOYXT.
  2266 | D:3      | 2266 ||| DRINKING 2 metallic black potions.
  2267 | D:3      | 2267 ||| READING 4 scrolls of identify.
  2267 | D:3      | 2267 ||| IDENTIFYING fizzy yellow potion
  2268 | D:3      | 2268 ||| READING 3 scrolls of identify.
  2268 | D:3      | 2268 ||| IDENTIFYING puce potion
  2269 | D:3      | 2269 ||| DROPPING potion of berserk rage.
  2270 | D:3      | 2270 ||| DROPPING 2 scrolls of noise.
  2322 | D:4      | Found a shimmering blue altar of Sif Muna.
  2325 | D:4      | Noticed an ogre
  2335 | D:4      | Killed an ogre
  2336 | D:4      | Reached skill level 5 in Ranged Weapons
  2336 | D:4      | Reached XP level 5. HP: 25/41 MP: 5/5
  2527 | D:4      | Noticed a phantom
  2540 | D:4      | Killed a phantom
  2541 | D:4      | Reached skill level 3 in Fighting
  2705 | D:4      | Reached skill level 6 in Ranged Weapons
  2705 | D:4      | Reached XP level 6. HP: 40/52 MP: 6/6
  2852 | D:4      | Reached skill level 3 in Dodging
  2945 | D:4      | Found a sparkling altar of Nemelex Xobeh.
  3068 | D:4      | 3068 ||| UPGRADING to ring of positive energy.
  3069 | D:4      | 3069 ||| READING 2 scrolls of identify.
  3069 | D:4      | 3069 ||| IDENTIFYING glowing golden potion
  3114 | D:5      | Entered Level 5 of the Dungeon
  3127 | D:5      | Found a radiant altar of Vehumet.
  3189 | D:5      | 3189 ||| Stepping ~*~*~tactically~*~*~ (outnumbered).
  3191 | D:5      | 3191 ||| Stepping ~*~*~tactically~*~*~ (outnumbered).
  3245 | D:5      | HP: 12/52 [scorpion (2)]
  3246 | D:5      | 3246 ||| DRINKING 2 potions of heal wounds.
  3248 | D:5      | 3248 ||| DRINKING potion of heal wounds.
  3250 | D:5      | HP: 12/52 [poisoned by a scorpion]
  3250 | D:5      | HP: 5/52 [black bear (4)]
  3251 | D:5      | HP: 2/52 [poisoned by a scorpion]
  3251 | D:5      | Slain by a black bear

Levels and vault maps discovered:
D:1:      nzn_arrival_water_spiral, layout_loops_cross, serial_co_window_serial,
          co_window_paths_b, co_window_paths_a, co_window_corner_a,
          co_window_paths_a, co_window_corner_a, co_window_2corner,
          co_window_unsneaky_path_b, co_window_2corner, co_window_corner_b,
          glass_columns_a
D:2:      layout_basic, basic_altar, shapermc_ecumenical_altar_pompeii,
          hangedman_decor_points
D:3:      layout_rooms, fedhas_altar_fruit_tree, ebering_ghost_disaster_area
D:4:      layout_basic, mainiacjoe_overflow_surrounded_room,
          mainiacjoe_overflow_paths
D:5:      layout_rooms, mainiacjoe_overflow_brackets, elyvilon_altar_1

Skill      XL: |  1  2  3  4  5  6 |
---------------+-------------------+-----
Ranged Weapons | 3 4 5 6 |  6.4
Fighting       | 2 3 4 |  4.2
Dodging        | 3 |  3.0
Spellcasting   | |  1.0
Hexes          | |  2.0

Action                     |  1- 3 |  4- 6 || total
---------------------------+-------+-------++-------
   Fire: Sling             |   145 |   101 ||   246
    Use: Scroll            |     7 |     6 ||    13
         Potion            |       |     3 ||     3
 Armour: Robe              |     8 |     7 ||    15
  Dodge: Dodged            |    40 |    30 ||    70

Table legend:
 A = Non-vault XP
 B = Vault XP
 C = Vault XP percentage of total XP
 D = Non-vault monster count
 E = Vault monster count
 F = Vault count percentage of total count
                 A         B        C        D         E       F
            +---------+---------+-------+---------+---------+-------
      Total |     671 |       0 |   0.0 |      82 |       0 |   0.0
            +---------+---------+-------+---------+---------+-------
        D:1 |      47 |       0 |   0.0 |      27 |       0 |   0.0
        D:2 |      21 |       0 |   0.0 |      12 |       0 |   0.0
        D:3 |      40 |       0 |   0.0 |      20 |       0 |   0.0
        D:4 |     353 |       0 |   0.0 |      12 |       0 |   0.0
        D:5 |     210 |       0 |   0.0 |      11 |       0 |   0.0
            +---------+---------+-------+---------+---------+-------
